 Dungeon Crawl Stone Soup version 0.27-a0-887-gcab673c142 (webtiles) character file.

Game seed: 13546386513260131342

1979 mhtbhm the Cleaver (level 9, -2/78 HPs)
             Began as a Minotaur Fighter on Apr 3, 2021.
             Was a Follower of Trog.
             Slain by a hornet (9 damage)
             ... on level 7 of the Dungeon.
             The game lasted 00:05:50 (6640 turns).

mhtbhm the Cleaver (Minotaur Fighter)               Turns: 6640, Time: 00:05:51

Health: -2/78      AC: 10    Str: 24    XL:     9   Next: 1%
Magic:  8/8        EV:  9    Int:  5    God:    Trog [*.....]
Gold:   195        SH: 10    Dex: 10    Spells: 8/8 levels left

rFire    . . .     SeeInvis .   a - +0 war axe
rCold    . . .     Faith    .   c - +0 kite shield
rNeg     . . .     Spirit   .   b - +0 scale mail
rPois    .         Reflect  .   d - +1 hat
rElec    .         Harm     .   B - +0 cloak
rCorr    .         Rampage  .   (no gloves)
Will     .....                  (no boots)
Stlth    ..........             (no amulet)
HPRegen  0.23/turn              (no ring)
MPRegen  0.11/turn              (no ring)

@: lethally poisoned (-2 -> -7), slowed, very slow
A: horns 2, retaliatory headbutt
a: Renounce Religion, Berserk


You were on level 7 of the Dungeon.
You worshipped Trog.
Trog was aware of your devotion.
You visited 2 branches of the dungeon, and saw 8 of its levels.

You collected 331 gold pieces.
You spent 136 gold pieces at shops.

Inventory:

Hand Weapons
 a - a +0 war axe (weapon)
Missiles
 k - 25 poisoned darts (quivered)
Armour
 b - a +0 scale mail (worn)
 c - a +0 kite shield (worn)
 d - a +1 hat (worn)
 B - a +0 cloak (worn)
Wands
 n - a wand of flame (9)
 v - a wand of random effects (22)
 w - a wand of mindburst (7)
 z - a wand of digging (5)
 C - a wand of paralysis (5)
 D - a wand of polymorph (10)
Scrolls
 f - 2 scrolls of immolation
 h - 2 scrolls of amnesia
 i - a scroll of vulnerability {unknown}
 j - 6 scrolls of teleportation {unknown}
 l - a scroll of holy word {unknown}
 o - 2 scrolls of identify
 p - a scroll of enchant armour {unknown}
 q - a scroll of torment {unknown}
 r - a scroll of magic mapping
 x - 2 scrolls of noise {unknown}
 y - 2 scrolls of fear {unknown}
 G - a scroll of brand weapon {unknown}
Potions
 e - 3 potions of curing
 g - 3 potions of degeneration {unknown}
 m - 2 potions of magic {unknown}
 s - 4 potions of lignification {unknown}
 t - a potion of heal wounds
 u - a potion of berserk rage {unknown}
 A - a potion of cancellation {unknown}
 E - a potion of invisibility {unknown}
 F - a potion of might
 H - a potion of flight {unknown}
 I - a potion of mutation {unknown}


   Skills:
 + Level 6.4 Fighting
 + Level 9.4 Axes
 + Level 0.2 Throwing
 + Level 7.9 Armour
 + Level 2.5 Dodging
 + Level 0.2 Stealth
 + Level 6.2 Shields


You had 8 spell levels left.
You didn't know any spells.
Your spell library contained the following spells:

 Spells                   Type           Power      Damage    Failure   Level
 Corona                   Hex            0%         N/A       98%         1
 Magic Dart               Conj           0%         1d3       98%         1
 Blink                    Tloc           N/A        N/A       99%         2
 Call Imp                 Summ           0%         N/A       99%         2
 Slow                     Hex            0%         N/A       99%         2
 Confusing Touch          Hex            0%         N/A       100%        3
 Conjure Flame            Conj/Fire      0%         6-21      100%        3
 Gell's Gravitas          Tloc           0%         N/A       100%        3
 Inner Flame              Hex/Fire       0%         N/A       100%        3
 Mephitic Cloud           Conj/Pois/Air  0%         N/A       100%        3
 Portal Projectile        Hex/Tloc       0%         N/A       100%        3
 Cause Fear               Hex            0%         N/A       100%        4
 Leda's Liquefaction      Hex/Erth       0%         N/A       100%        4
 Petrify                  Tmut/Erth      0%         N/A       100%        4
 Bolt of Magma            Conj/Fire/Erth 0%         4d4       100%        5
 Iskenderun's Battlesphe  Conj           0%         2d6       100%        5
 Metabolic Englaciation   Hex/Ice        0%         N/A       100%        5
 Yara's Violent Unravell  Hex/Tmut       0%         3d3       100%        5
 Iron Shot                Conj/Erth      0%         9d1       100%        6
 Orb of Destruction       Conj           0%         N/A       100%        7
 Spellforged Servitor     Conj/Summ      0%         N/A       100%        7


Dungeon Overview and Level Annotations

Branches:
Dungeon (7/15)             Temple (1/1) D:6

Altars:
Cheibriados
Dithmenos
Elyvilon
Fedhas
Gozag
Hepliaklqana
Kikubaaqudgha
Makhleb
Qazlal
Sif Muna
Trog
Uskayaw
Vehumet
Xom
Yredelemnul
Zin
The Shining One

Shops:
D:2 *!**   D:4 *


Innate Abilities, Weirdness & Mutations

You have a pair of horns on your head.
You reflexively headbutt those who attack you in melee.


Message History

You headbutt the kobold brigand. The kobold closely misses you.
The hornet barely misses you. You furiously retaliate!
You headbutt the hornet! You slash the kobold!
You kill the kobold!
Trog accepts your kill.
You slash the kobold brigand! You closely miss the hornet.
The hornet stings you.
You feel yourself slow down.
The kobold brigand hits you with a +0 club.
Unknown command.
You closely miss the kobold. You headbutt the kobold.
You kill the kobold!
Trog accepts your kill.
You closely miss the kobold brigand. You slash the ogre! You slash the hornet!
You block the hornet's attack. You block the ogre's attack.
The kobold brigand hits you with a +0 club.
The hornet closely misses you. You furiously retaliate!
You headbutt the hornet. The hornet stings you!
You feel as though you will be slow longer.
The kobold brigand hits you with a +0 club.
You block the ogre's attack.
You barely miss the ogre.
The ogre is moderately wounded.
You barely miss the hornet. You slash the kobold!
You kill the kobold!
Trog accepts your kill.
You hit the kobold brigand. The hornet stings you!
You are poisoned.
You feel as though you will be slow longer.
The kobold brigand hits you but does no damage.
You block the hornet's attack.
The ogre hits you with a +0 giant club!!
* * * LOW HITPOINT WARNING * * *
The kobold brigand hits you but does no damage.
The hornet closely misses you.
Unknown command.
* * * LOW HITPOINT WARNING * * *
You feel very sick. The ogre barely misses you. You furiously retaliate!
You headbutt the ogre. The hornet stings you!
You die...

## ..# ... #....#
.###'####...###....#
........#.........>#
........#..........#
........#..........#
........#..........#
........'.......)..#
###...###...# #OyK.#
.##...###...####@###
.............#.....#
.............+.....#
.............#.....#
.##.####.##.####'###
.#######.##.####...#
.....#....'........#
.....#....#........#
.....#....#...(....#


You could see a hornet, a kobold brigand and an ogre.

Vanquished Creatures
  Prince Ribbit (D:5)
  Eustachio (D:5)
  2 necrophages
  An ice beast (D:5)
  2 black bears
  2 ogres
  A phantom (D:5)
  2 bullfrogs (D:7)
  2 water moccasin zombies
  A scorpion (D:4)
  A wyvern skeleton (D:4)
  A bullfrog zombie (D:6)
  A centaur zombie (D:6)
  A centaur skeleton (D:5)
  An orc priest (D:6)
  2 hounds
  Crazy Yiuf (D:5)
  A bullfrog skeleton (D:6)
  Ijyb (D:3)
  An iguana (D:5)
  3 orc wizards (D:6)
  Terence (D:3)
  A hound skeleton (D:4)
  A howler monkey zombie (D:6)
  Robin (D:3)
  3 adders
  A shadow imp (D:2)
  2 white imps
  2 ufetubi
  A worm (D:2)
  4 dart slugs
  9 orcs
  10 endoplasms
  3 giant cockroaches
  9 hobgoblins
  9 jackals
  13 kobolds
  A quokka (D:2)
  11 ball pythons
  2 bats
  2 frilled lizards (D:3)
  16 goblins
  4 rats
135 creatures vanquished.

Vanquished Creatures (others)
  A goblin (D:3)
1 creature vanquished.

Grand Total: 136 creatures vanquished

Notes
Turn   | Place    | Note
-------+----------+-------------------------------------------
     0 | D:1      | mhtbhm the Minotaur Fighter began the quest for the Orb.
     0 | D:1      | Reached XP level 1. HP: 19/19 MP: 0/0
   101 | D:1      | Reached XP level 2. HP: 27/27 MP: 1/1
   151 | D:1      | You fall into a shaft and drop 1 floor!
   151 | D:2      | Found Loifimup's General Store.
   200 | D:2      | Found a faded altar of an unknown god.
   222 | D:2      | Found Anaakutuwu's Assorted Antiques.
   591 | D:2      | Reached skill level 3 in Axes
   613 | D:2      | Found Seocud's Distillery.
   614 | D:2      | Found Vuguomel's Assorted Antiques.
   937 | D:2      | Reached XP level 3. HP: 33/33 MP: 2/2
  1850 | D:3      | Noticed Robin
  1858 | D:3      | Reached XP level 4. HP: 22/40 MP: 3/3
  1867 | D:3      | Killed Robin
  2333 | D:3      | Noticed Terence
  2341 | D:3      | Killed Terence
  2342 | D:3      | Reached skill level 4 in Axes
  2571 | D:3      | Reached skill level 5 in Armour
  2616 | D:3      | Noticed Ijyb
  2622 | D:3      | Reached XP level 5. HP: 38/46 MP: 4/4
  2627 | D:3      | Killed Ijyb
  3028 | D:4      | Found a white marble altar of Elyvilon.
  3369 | D:4      | Noticed a black bear
  3374 | D:4      | Killed a black bear
  3375 | D:4      | Reached skill level 5 in Axes
  3375 | D:4      | Reached XP level 6. HP: 38/55 MP: 5/5
  3485 | D:4      | Found Wodwoi's General Store.
  3493 | D:4      | Bought a potion of heal wounds for 65 gold pieces
  3493 | D:4      | Bought a scroll of magic mapping for 45 gold pieces
  3493 | D:4      | Bought a scroll of identify for 26 gold pieces
  3729 | D:4      | Found a glowing silver altar of Zin.
  4004 | D:4      | You fall into a shaft and drop 1 floor!
  4004 | D:5      | Entered Level 5 of the Dungeon
  4026 | D:5      | Reached skill level 5 in Fighting
  4026 | D:5      | Reached skill level 6 in Axes
  4040 | D:5      | Reached skill level 1 in Dodging
  4040 | D:5      | Reached XP level 7. HP: 34/61 MP: 6/6
  4478 | D:5      | Reached skill level 7 in Axes
  4478 | D:5      | Reached skill level 5 in Shields
  4765 | D:5      | Noticed Prince Ribbit
  4773 | D:5      | Killed Prince Ribbit
  4774 | D:5      | Reached XP level 8. HP: 58/70 MP: 7/7
  4840 | D:5      | Noticed Eustachio
  4851 | D:5      | Killed Eustachio
  4852 | D:5      | Reached skill level 8 in Axes
  5082 | D:5      | Found a runed translucent door.
  5083 | D:5      | Noticed Crazy Yiuf
  5094 | D:5      | Killed Crazy Yiuf
  5614 | D:6      | Found a staircase to the Ecumenical Temple.
  5622 | Temple   | Entered the Ecumenical Temple
  5656 | Temple   | Became a worshipper of Trog the Wrathful
  5872 | D:6      | Reached skill level 9 in Axes
  6303 | D:7      | Reached * piety under Trog
  6534 | D:7      | Reached XP level 9. HP: 74/78 MP: 8/8
  6634 | D:7      | Paralysed by a hornet for 2 turns
  6640 | D:7      | Slain by a hornet

Illustrated notes

Levels and vault maps discovered:
D:1:      lightli_arrival_statue_moat, layout_basic
D:2:      minmay_evil_eye, layout_loops_corners, serial_shops,
          nicolae_shop_overgrown_old_shop, shop, nicolae_shop_stone,
          shop_fountains, ebering_ecumenical_altar_hall,
          minmay_misc_feat_encased
D:3:      layout_loops_cross, hangedman_decor_peaks_small, minmay_crystal_water,
          minmay_splitting_lines, uniq_terence, uniq_ijyb, uniq_robin
D:4:      layout_gridville, lemuel_round_altar, elyvilon_altar_1, serial_shops,
          shop_fountains
D:5:      layout_rooms, uniq_crazy_yiuf_cottage, uniq_eustachio,
          uniq_prince_ribbit1
D:6:      layout_basic, minmay_temple_entry_mist
D:7:      layout_gridville, nicolae_wu_jian_wuxing_cycle
Temple:   eino_wide_crystal_templ

Skill      XL: |  1  2  3  4  5  6  7  8 |
---------------+-------------------------+-----
Armour         | 4 5 6 7 |  7.9
Axes           | 3 4 5 6 7 9 |  9.4
Fighting       | 4 5 6 |  6.4
Shields        | 4 5 6 |  6.2
Dodging        | 1 2 |  2.5
Throwing       | |  0.2
Stealth        | |  0.2

Action                   |  1- 3 |  4- 6 |  7- 9 || total
-------------------------+-------+-------+-------++-------
Melee: War axe           |    95 |   113 |   150 ||   358
       Headbutt          |    17 |    12 |    36 ||    65
Throw: Dart              |       |     2 |     2 ||     4
  Use: Scroll            |     1 |     2 |       ||     3
       Potion            |       |       |     3 ||     3
Armor: Scale mail        |    39 |    42 |    70 ||   151
Dodge: Dodged            |    19 |    45 |    66 ||   130
Block: Kite shield       |    55 |    67 |    89 ||   211

Table legend: (Time is in decaauts)
 A = Elapsed time spent in this place.
 B = Non-inter-level travel time spent in this place.
 C = Inter-level travel time spent in this place.
 D = Time resting spent in this place.
 E = Time spent auto-exploring this place.
 F = Levels seen in this place.
 G = Mean time per level.
                   A        B        C        D        E       F      G
               +--------+--------+--------+--------+--------+-----+--------+
         Total |   6804 |   6656 |    148 |      0 |   5672 |   8 |  850.5 |
       Dungeon |   6750 |   6602 |    148 |      0 |   5642 |   7 |  964.3 |
        Temple |     53 |     53 |      0 |      0 |     30 |   1 |   53.0 |
               +--------+--------+--------+--------+--------+-----+--------+

Top non-repeatable levels by time:
     D:5: 1414 daAuts
     D:3: 1145 daAuts
     D:4: 1060 daAuts
     D:2: 1024 daAuts
     D:1: 872 daAuts
     D:6: 823 daAuts
     D:7: 408 daAuts
  Temple: 53 daAuts
